 Dungeon Crawl Stone Soup version 0.28.0 (webtiles) character file.

Game seed: 17473523863591343309

4 Dirian the Chucker (level 1, 0/15 HPs)
             Began as a Hill Orc Wanderer on Feb 17, 2022.
             Slain by a hobgoblin (3 damage)
             ... on level 1 of the Dungeon.
             The game lasted 00:01:11 (656 turns).

Dirian the Chucker (Hill Orc Wanderer)               Turns: 656, Time: 00:01:12

Health: 0/15       AC:  3    Str: 14    XL:     1   Next: 60%
Magic:  2/2        EV: 11    Int: 13    God:
Gold:   2          SH:  0    Dex:  9    Spells: 1/2 levels left

rFire   . . .      SeeInvis .   e - +0 short sword
rCold   . . .      Faith    .   (no shield)
rNeg    . . .      Spirit   .   d - +0 leather armour
rPois   .          Reflect  .   (no helmet)
rElec   .          Harm     .   (no cloak)
rCorr   .          Rampage  .   (no gloves)
Will    .....                   (no boots)
Stlth   ++........              (no amulet)
HPRegen 0.05/turn               (no ring)
MPRegen 0.08/turn               (no ring)

@: no status effects
A: no striking features
a: no special abilities


You were on level 1 of the Dungeon.
You visited 1 branch of the dungeon, and saw 1 of its levels.

You collected 2 gold pieces.

Inventory:

Hand Weapons
 a - a +0 dagger
 e - a +0 short sword (weapon)
Missiles
 b - 8 boomerangs (quivered)
Armour
 d - a +0 leather armour (worn)
Scrolls
 c - a scroll of fog


   Skills:
 + Level 0.3 Fighting
 * Level 1.0 Axes
 - Level 2.6 Throwing
 + Level 1.2 Armour
 - Level 2.4 Stealth
 - Level 1.0 Spellcasting
 - Level 2.1 Fire Magic


You had one spell level left.
You knew the following spells:

 Your Spells              Type           Power      Damage    Failure   Level
a - Foxfire               Conj/Fire      12%        2x1d4     22%         1

Your spell library contained the following spells:

 Spells                   Type           Power      Damage    Failure   Level
 Inner Flame              Hex/Fire       3%         N/A       54%         3
 Flame Wave               Conj/Fire      3%         2d4       91%         4


Dungeon Overview and Level Annotations

Branches:
Dungeon (1/15)

Altars:


Message History

The jackal is almost dead.
The jackal closely misses you. The hobgoblin barely misses you.
You hit the jackal but do no damage.
The jackal is severely wounded.
The jackal misses you. The jackal bites you. The hobgoblin misses you.
The jackal closely misses you.
You barely miss the hobgoblin.
The hobgoblin is severely wounded.
The jackal closely misses you. The hobgoblin barely misses you.
Your magical contamination has completely faded away.
You hit the hobgoblin but do no damage.
The hobgoblin is severely wounded.
The jackal barely misses you. The hobgoblin barely misses you.
The jackal bites you but does no damage.
You closely miss the hobgoblin.
The hobgoblin is severely wounded.
The jackal bites you but does no damage.
The hobgoblin barely misses you.
You barely miss the hobgoblin.
The hobgoblin is severely wounded.
The jackal pauses to sniff the ground.
The jackal bites you. The hobgoblin hits you.
The jackal bites you but does no damage.
You barely miss the hobgoblin.
The hobgoblin is severely wounded.
The hobgoblin closely misses you. The jackal bites you.
The jackal closely misses you. The jackal barely misses you.
The hobgoblin closely misses you.
You closely miss the hobgoblin.
The hobgoblin is severely wounded.
The hobgoblin hits you but does no damage.
You hit the hobgoblin but do no damage.
The hobgoblin is severely wounded.
The hobgoblin hits you.
* * * LOW HITPOINT WARNING * * *
You closely miss the hobgoblin.
The hobgoblin is severely wounded.
The hobgoblin hits you.
You die...

#...# #...# ###########...#
###.............#
....#########...# #####
#...##### ######## ....#######
#.......####......#
###.......###...###....#......#
#######.......@ghK..........#
#..........########.......#
#..........#######....#####
#......................#
#..........######..#.#.# .
######.....# #.##.#.# ..
#...#..#########.##.#.# #..
#.#.#.....##.....##.#.# ...
#.#...###........##.#K##.# .


You could see a jackal, a hobgoblin and a kobold.

Vanquished Creatures
  An endoplasm (D:1)
  A ball python (D:1)
  A bat (D:1)
  A frilled lizard (D:1)
  A kobold (D:1)
5 creatures vanquished.

Vanquished Creatures (others)
  7 foxfires (D:1)
7 creatures vanquished.

Grand Total: 12 creatures vanquished

Notes
Turn   | Place    | Note
-------+----------+-------------------------------------------
     0 | D:1      | Dirian the Hill Orc Wanderer began the quest for the Orb.
     0 | D:1      | Dirian set off with the following items: a +0 dagger, 8
                  | boomerangs, a scroll of fog, a +0 leather armour; and the
                  | following spell memorised: Foxfire; and the following
                  | spells available to memorise: Inner Flame, Flame Wave
     0 | D:1      | Reached XP level 1. HP: 14/14 MP: 2/2
   617 | D:1      | Reached skill level 1 in Axes
   656 | D:1      | Slain by a hobgoblin

Illustrated notes

Levels and vault maps discovered:
D:1:      amcnicky_arrival_blooded_trapdoor, layout_rooms,
          hangedman_abyss_or_decor_lesser_grid

Skill      XL: |  1 |
---------------+----+-----
Axes           | 1 |  1.0
Fighting       | |  0.3
Throwing       | |  2.6
Armour         | |  1.2
Stealth        | |  2.4
Spellcasting   | |  1.0
Fire Magic     | |  2.1

Action                   || total
-------------------------++-------
Melee: Short sword       ||    20
       Dagger            ||    12
Throw: Boomerang         ||     3
 Cast: Foxfire           ||     4
 Stab: Sleeping          ||     1
Armor: Leather armour    ||    13
Dodge: Dodged            ||    33
